 Dungeon Sprint DCSS version 0.29.1-12-g30fa7ad0bf (webtiles) character file.

Game seed: 10883053618398132759

632 retardedninja the Cleaver (level 7, -1/73 HPs)
             Began as a Minotaur Fighter on Dec 19, 2022.
             Was a Believer of Trog.
             Succumbed to a hornet's poison
             ... in the Dungeon (Sprint IX: "|||||||||||||||||||||||||||||").
             The game lasted 00:01:23 (488 turns).

retardedninja the Cleaver (Minotaur Fighter)         Turns: 488, Time: 00:01:24

Health: -1/73      AC: 12    Str: 23    XL:     7   Next: 24%
Magic:  6/6        EV: 11    Int:  8    God:    Trog [**....]
Gold:   0          SH:  5    Dex:  9    Spells: 6/6 levels left

rFire   . . .      SeeInvis .   l - +3 war axe (freeze)
rCold   . . .      Faith    .   c - +0 buckler
rNeg    . . .      Spirit   .   m - +2 ring mail
rPois   .          Reflect  .   (helmet restricted)
rElec   .          Harm     .   a - +0 cloak
rCorr   .          Rampage  .   (no gloves)
Will    .....      NoTele   +   (no boots)
Stlth   +.........              (no amulet)
HPRegen 0.22/turn               o - +2 ring of protection
MPRegen 0.10/turn               n - +3 ring of intelligence

@: lethally poisoned (-1 -> -13), hasted, invisible, very quick
A: horns 2, retaliatory headbutt
a: Renounce Religion, Berserk, Trog's Hand


You were in the Dungeon.
You worshipped Trog.
Trog was pleased with you.
You visited 1 branch

Inventory:

Hand Weapons
 l - a +3 war axe of freezing (weapon)
Armour
 a - a +0 cloak (worn)
 b - a +0 scale mail
 c - a +0 buckler (worn)
 m - a +2 ring mail (worn)
Jewellery
 n - a +3 ring of intelligence (right hand)
 o - a +2 ring of protection (left hand)
Wands
 k - a wand of iceblast (10)
Scrolls
 j - 2 scrolls of blinking
Potions
 d - a potion of might
 e - 5 potions of curing
 h - 4 potions of magic
 i - 2 potions of heal wounds


   Skills:
 + Level 10.4 Fighting
 + Level 10.5 Axes
 + Level 9.4 Armour
 + Level 2.2 Dodging
 + Level 1.8 Stealth
 + Level 9.0 Shields


You had 6 spell levels left.
You didn't know any spells.
Your spell library was empty.

Dungeon Overview and Level Annotations

Branches:
Dungeon (1/1)

Altars:
Cheibriados
Dithmenos
Elyvilon
Fedhas
Gozag
Hepliaklqana
Kikubaaqudgha
Makhleb
Nemelex Xobeh
Okawaru
Qazlal
Ru
Sif Muna
Trog
Uskayaw
Vehumet
Wu Jian
Xom
Yredelemnul
Zin
The Shining One
Jiyva
Lugonu


Innate Abilities, Weirdness & Mutations

You have a pair of horns on your head.
You reflexively headbutt those who attack you in melee.


Message History

You slash the gnoll sergeant! You freeze the gnoll sergeant.
The gnoll sergeant is almost dead.
The gnoll sergeant hits you with a +0 trident!
* * * LOW HITPOINT WARNING * * *
Unknown command.
You strike the helpless gnoll sergeant from behind!
You slash the gnoll sergeant! You freeze the gnoll sergeant.
You kill the gnoll sergeant!
Trog accepts your kill.
Your Fighting skill increases to level 10!
Your Armour skill increases to level 9!
Unknown command.
You slash the yak! You freeze the yak. You headbutt the yak, but do no damage.
The yak is heavily wounded.
Unknown command.
You slash the yak! You freeze the yak.
The yak is almost dead.
The yak barely misses you.
Unknown command.
You hit the yak. You freeze the yak.
You kill the yak!
Trog accepts your kill.
You can now call upon Trog for regeneration and willpower.
You block the hornet's attack.
Your Axes skill increases to level 10!
Your Dodging skill increases to level 2!
Your Shields skill increases to level 9!
You have reached level 7!
You hit the hornet. You freeze the hornet.
The hornet is lightly wounded.
The hornet stings you!
* * * LOW HITPOINT WARNING * * *
You are lethally poisoned!
You feel yourself slow down.
Unknown command.
Unknown command.
You hit the hornet. You freeze the hornet.
The hornet is lightly wounded.
You feel yourself speed up.
You die...

▓+▓
▓.▓
▓.▓
▓.▓
▓.▓
▓.▓
▓.▓
▓y▓
▓@▓
▓.▓
▓.▓
▓[▓
▓.▓
▓.▓
▓)▓
▓?▓
▓.▓


You could see a hornet (unable to see you).

Vanquished Creatures
  A wyvern (D)
  A yak (D)
  A phantom (D)
  2 gnoll sergeants (D)
  A scorpion (D)
  An iguana (D)
  2 orc wizards (D)
  An orc (D)
  2 bats (D)
  A goblin (D)
  A hobgoblin (D)
  A rat (D)
15 creatures vanquished.

Notes
Turn   | Place    | Note
-------+----------+-------------------------------------------
     0 | D        | retardedninja the Minotaur Fighter began the quest for the
                  | Orb.
     0 | D        | Reached XP level 1. HP: 19/19 MP: 0/0
    18 | D        | Noticed an orc wizard
    18 | D        | Noticed a phantom
    18 | D        | Noticed an iguana
    18 | D        | Noticed a scorpion
    22 | D        | Killed a scorpion
    23 | D        | Reached skill level 5 in Armour
    23 | D        | Reached skill level 5 in Shields
    23 | D        | Reached XP level 2. HP: 30/30 MP: 1/1
    23 | D        | Reached XP level 3. HP: 37/37 MP: 2/2
    25 | D        | Reached skill level 5 in Axes
    25 | D        | Reached XP level 4. HP: 45/45 MP: 3/3
    28 | D        | Killed a phantom
    29 | D        | Reached XP level 5. HP: 53/53 MP: 4/4
   389 | D        | Found a snail-covered altar of Cheibriados.
   389 | D        | Found a shadowy altar of Dithmenos.
   389 | D        | Found a white marble altar of Elyvilon.
   389 | D        | Found a blossoming altar of Fedhas.
   389 | D        | Found an opulent altar of Gozag.
   390 | D        | Found a hazy altar of Hepliaklqana.
   391 | D        | Found a viscous altar of Jiyva.
   392 | D        | Found an ancient bone altar of Kikubaaqudgha.
   393 | D        | Found a corrupted altar of Lugonu.
   394 | D        | Found a burning altar of Makhleb.
   395 | D        | Found a sparkling altar of Nemelex Xobeh.
   396 | D        | Found an iron altar of Okawaru.
   397 | D        | Found a stormy altar of Qazlal.
   398 | D        | Found a sacrificial altar of Ru.
   399 | D        | Found a shimmering blue altar of Sif Muna.
   400 | D        | Found a bloodstained altar of Trog.
   401 | D        | Found a hide-covered altar of Uskayaw.
   402 | D        | Found a radiant altar of Vehumet.
   403 | D        | Found an ornate altar of the Wu Jian Council.
   404 | D        | Found a shimmering altar of Xom.
   405 | D        | Found a basalt altar of Yredelemnul.
   406 | D        | Found a glowing silver altar of Zin.
   407 | D        | Found a glowing golden altar of the Shining One.
   408 | D        | Became a worshipper of Trog the Wrathful
   460 | D        | Noticed a hornet
   460 | D        | Noticed a yak
   460 | D        | Noticed a wyvern
   473 | D        | Reached * piety under Trog
   474 | D        | Reached XP level 6. HP: 30/62 MP: 5/5
   477 | D        | Killed a wyvern
   478 | D        | Reached skill level 1 in Dodging
   478 | D        | Reached skill level 1 in Stealth
   484 | D        | Reached skill level 10 in Fighting
   486 | D        | Killed a yak
   486 | D        | Reached ** piety under Trog
   487 | D        | Reached skill level 10 in Axes
   487 | D        | Reached XP level 7. HP: 10/73 MP: 6/6
   487 | D        | HP: 2/73 [hornet (8)]
   488 | D        | Succumbed to a hornet's poison

Illustrated notes

Levels and vault maps discovered:
D:        linesprint [early_d, line_temple, items_1, d_10, items_2, lair_1,
          lair_end, items_3, orc_1, orc_end, items_4, d_15, swamp_1, shoals_1,
          snake_1, spider_1, d_20, vaults_1, items_5, swamp_end, shoals_end,
          snake_end, spider_end, vaults_end, d_27, items_6, zot_1, zot_end,
          crypt_end, forest_end, elf_end, slime_end, tomb_end, abyss_end,
          pan_hell_end]

Skill      XL: |  1  2  3  4  5  6 |
---------------+-------------------+-----
Fighting       | 6 7 8 10 | 10.4
Armour         | 5 6 7 8 9 |  9.4
Shields        | 5 6 7 9 |  9.0
Axes           | 4 5 6 7 10 | 10.5
Dodging        | 2 |  2.2
Stealth        | 1 |  1.8

Action                   |  1- 3 |  4- 6 |  7- 9 || total
-------------------------+-------+-------+-------++-------
Melee: War axe           |    13 |    38 |     2 ||    53
       Headbutt          |     2 |     4 |       ||     6
  Use: Potion            |     1 |     3 |       ||     4
 Stab: Invisible         |       |     2 |       ||     2
Armor: Scale mail        |     7 |     9 |       ||    16
       Ring mail         |       |     3 |       ||     3
Dodge: Dodged            |     4 |    13 |       ||    17
Block: Buckler           |     2 |     5 |       ||     7
